 Dungeon Crawl Stone Soup version 0.29-a0-111-gbaf749a769 (webtiles) character file.

Game seed: 12500999490553412016

31710 lunkers the Earth Mage (level 13, -2/103 HPs)
             Began as a Formicid Earth Elementalist on Feb 17, 2022.
             Was a High Priest of Vehumet.
             Slain by a death yak (22 damage)
             ... on level 4 of the Lair of Beasts.
             The game lasted 00:31:14 (16152 turns).

lunkers the Earth Mage (FoEE)                      Turns: 16152, Time: 00:31:15

Health: -2/103     AC:  6    Str: 17    XL:     13   Next: 98%
Magic:  13/28      EV: 14    Int: 29    God:    Vehumet [*****.]
Gold:   1034       SH:  0    Dex: 11    Spells: 28/34 levels left

rFire   + . .      SeeInvis +   p - +9 flail of Impeachment {flame, *Slow Str+4 Int+3}
rCold   . . .      Faith    .   (no shield)
rNeg    . . .      Spirit   .   K - +1 troll leather armour
rPois   .          Reflect  .   (helmet unavailable)
rElec   .          Harm     .   v - +0 cloak
rCorr   .          Rampage  .   (no gloves)
Will    +....                   (no boots)
Stlth   ++........              m - amulet of magic regeneration
HPRegen 1.07/turn               e - ring of protection from fire
MPRegen 0.61/turn               b - +6 ring of intelligence

@: no status effects
A: permanent stasis, dig shafts and tunnels, antennae 3, four strong arms
a: Dig, Shaft Self, Renounce Religion


You were on level 4 of the Lair of Beasts.
You worshipped Vehumet.
Vehumet was extremely pleased with you.
You visited 3 branches of the dungeon, and saw 17 of its levels.
You also visited: Sewer.

You collected 1034 gold pieces.

Inventory:

Hand Weapons
 p - the +9 flail of Impeachment (weapon) {flame, *Slow Str+4 Int+3}
   (You found it on level 3 of the Dungeon)

   It burns those it strikes, dealing additional fire damage.
   Str:       It affects your strength (+4).
   Int:       It affects your intelligence (+3).
   *Slow:     It may slow you when you take damage.
 u - a +5 quarterstaff of chaos
Missiles
 c - 370 stones
 w - 4 throwing nets
Armour
 v - a +0 cloak (worn)
 K - a +1 troll leather armour (worn)
Magical Staves
 s - a staff of conjuration
Jewellery
 b - a +6 ring of intelligence (right hand)
 d - an amulet of reflection
 e - a ring of protection from fire (left hand)
 l - a ring of ice
 m - an amulet of magic regeneration (around neck)
 D - a ring of protection from cold
 F - a +6 ring of strength
 I - a +6 ring of dexterity
 L - a ring of protection from fire
Wands
 q - a wand of polymorph (9)
 t - a wand of flame (38)
 B - a wand of iceblast (15)
 E - a wand of charming (12)
 J - a wand of paralysis (4)
Scrolls
 g - 2 scrolls of immolation
 h - 3 scrolls of magic mapping
 x - 3 scrolls of enchant armour
 y - a scroll of amnesia
Potions
 a - a potion of might
 f - 2 potions of cancellation
 i - a potion of magic {unknown}
 j - 6 potions of flight
 k - 2 potions of attraction
 n - 4 potions of heal wounds
 o - 5 potions of lignification
 r - 4 potions of curing
 z - a potion of ambrosia {unknown}
 A - 4 potions of invisibility
 C - a potion of mutation {unknown}
 G - 2 potions of brilliance
 H - a potion of haste {unknown}


   Skills:
 + Level 9.8 Fighting
 + Level 8.5 Dodging
 - Level 2.4 Stealth
 + Level 11.4 Spellcasting
 - Level 1.1 Transmutations
 * Level 18.5 Earth Magic


You had 28 spell levels left.
You knew the following spells:

 Your Spells              Type           Power      Damage    Failure   Level
a - Stone Arrow           Conj/Erth      100%       3d13      1%          3
b - Passwall              Tmut/Erth      54%        N/A       1%          2
c - Sandblast             Erth           100%       2d20      0%          1

Your spell library contained the following spells:

 Spells                   Type           Power      Damage    Failure   Level
 Hailstorm                Conj/Ice       16%        3d6       11%         4
 Foxfire                  Conj/Fire      64%        2x1d7     1%          1
 Magic Dart               Conj           64%        1d6       1%          1
 Shock                    Conj/Air       64%        1d7       1%          1
 Poisonous Vapours        Pois/Air       32%        N/A       1%          2
 Leda's Liquefaction      Hex/Erth       31%        N/A       1%          4
 Petrify                  Tmut/Erth      65%        N/A       1%          4
 Sting                    Tmut/Pois      76%        1d6       3%          1
 Conjure Flame            Conj/Fire      16%        6-21      3%          3
 Ignite Poison            Fire/Tmut/Pois 18%        N/A       3%          3
 Mephitic Cloud           Conj/Pois/Air  16%        N/A       3%          3
 Call Imp                 Summ           16%        N/A       6%          2
 Corpse Rot               Necr/Air       32%        N/A       6%          2
 Airstrike                Air            8%         N/A       11%         4
 Flame Wave               Conj/Fire      16%        2d6       11%         4
 Olgreb's Toxic Radiance  Pois           16%        N/A       11%         4
 Call Canine Familiar     Summ           16%        N/A       12%         3
 Portal Projectile        Hex/Tloc       32%        N/A       12%         3
 Tukima's Dance           Hex            16%        N/A       12%         3
 Anguish                  Hex/Necr       8%         N/A       36%         4
 Dispel Undead            Necr           16%        3d10      36%         4
 Death Channel            Necr           8%         N/A       99%         6
 Enfeeble                 Hex            8%         N/A       100%        7
 Ignition                 Fire           8%         3d5       100%        8
 Swiftness                Air            Unusable   N/A       N/A         3

Dungeon Overview and Level Annotations

Branches:
Dungeon (12/15)            Temple (1/1) D:6            Lair (4/6) D:10
 Shoals (0/4) Lair:2        Snake (0/4) Lair:3          Orc (0/2) D:12
  Sewer (visited)

Altars:
Ashenzari
Cheibriados
Dithmenos
Elyvilon
Fedhas
Gozag
Hepliaklqana
Kikubaaqudgha
Makhleb
Nemelex Xobeh
Okawaru
Qazlal
Ru
Sif Muna
Trog
Uskayaw
Vehumet
Wu Jian
Xom
Yredelemnul
Zin
The Shining One

Shops:
D:1 ?

Annotations:
D:12 Rupert
Lair:3 3 runed translucent doors, Zazuam's ghost, journeyman DsMo


Innate Abilities, Weirdness & Mutations

You cannot be hasted, slowed, berserked, paralysed or teleported.
You can dig through walls and to a lower floor.
You have a pair of large antennae on your head. (SInv)
Your four strong arms can wield two-handed weapons with a shield.


Message History

Casting: Stone Arrow (safe; 1% risk of failure)
Confirm with . or Enter, or press ? or * to list all spells.
Aiming: Stone Arrow (safe; 1% risk of failure)
Press: ? - help, Shift-Dir - straight line, f/p - death yak
Aim: a death yak (heavily wounded, 92% to hit)
The stone arrow hits the death yak!!
The death yak is severely wounded.
* * * LOW MAGIC WARNING * * *
The death yak gores you!
* * * LOW HITPOINT WARNING * * *
The death yak gores you!
* * * LOW HITPOINT WARNING * * *
The death yak gores you.
* * * LOW HITPOINT WARNING * * *
The boulder beetle bites the fungus!
The fungus begins to die.
The death yak gores you!
* * * LOW HITPOINT WARNING * * *
The wolf howls!
The wolf howls! x2
The wolf closely misses you. The wolf bites you but does no damage.
The wolf completely misses you. The wolf bites you.
* * * LOW HITPOINT WARNING * * *
The boulder beetle curls into a ball and begins rolling!
The wolf bites you.
* * * LOW HITPOINT WARNING * * *
The wolf misses you.
Casting: Stone Arrow (safe; 1% risk of failure)
Confirm with . or Enter, or press ? or * to list all spells.
Aiming: Passwall (safe; 1% risk of failure)
Press: ? - help, Dir - move target, p - death yak A rock wall.
The wolf bites you but does no damage. The wolf barely misses you.
The wolf bites you but does no damage.
You begin to meditate on the wall.
You continue meditating on the rock.
The wolf bites you but does no damage. The wolf bites you.
* * * LOW HITPOINT WARNING * * *
The wolf closely misses you. The death yak gores you!!
You die...

....⌠.##....PPP).........≈≈
#######.....P.P#.........≈≈
.#............###.........≈
##..............#.........≈
.#..............###........
.h..............P#.Yh......
.................##........
.#............BY.###.......
...#........°○hY@##......#.
###........°.○hhP##........
#...###.......#.###†..####.
...## ##...###### #...##
... ##.## ##B..(# .#.
###..# #.Y...##
.#...#...###### #......#
.#........##.####.#P..P#
.#........B....#..######


You could see 2 death yaks, a boulder beetle (rolling) and 3 wolves.

Vanquished Creatures
  Fannar (D:11)
  Harold (D:10)
  5 hydras
  An ogre mage (D:11)
  3 two-headed ogres
  7 death yaks
  3 lindwurms (Lair:3)
  2 deep elf pyromancers
  A deep elf zephyrmancer (D:10)
  Maurice (D:12)
  A black mamba (Lair:2)
  A gargoyle (D:10)
  A cane toad (Lair:2)
  A cane toad (shapeshifter) (D:11)
  An unseen horror (D:11)
  A rime drake (Lair:3)
  A kobold demonologist (D:11)
  Psyche (D:12)
  8 komodo dragons
  4 trolls
  2 polar bears (Lair:3)
  2 shadows
  2 wyverns
  25 yaks
  2 steam dragons (D:8)
  4 basilisks
  4 vampire mosquitoes (D:8)
  4 nagas (Lair:3)
  2 two-headed ogre zombies (D:12)
  7 water moccasins
  7 orc warriors
  A swamp drake (D:10)
  A black bear (D:5)
  An ice beast (D:5)
  A sky beast (D:3)
  23 wolves
  3 centaurs
  3 necrophages
  2 phantoms
  An ogre (D:5)
  8 bullfrogs
  3 scorpions
  A gnoll sergeant (D:5)
  3 killer bees (D:7)
  A troll zombie (D:12)
  3 wights (D:9)
  2 howler monkeys
  A crimson imp (D:10)
  2 centaur zombies (D:9)
  3 gnoll shamans
  5 orc priests
  Crazy Yiuf (D:3)
  An iron imp (D:10)
  Ijyb (D:3)
  An iguana (D:6)
  A merfolk siren (Sewer)
  13 orc wizards
  A merfolk avatar (Sewer)
  2 killer bee zombies
  5 ogre zombies (D:12)
  A hound zombie (D:5)
  2 howler monkey zombies
  19 gnolls
  9 adders
  A river rat (Sewer)
  A shadow imp (D:10)
  A white imp (D:10)
  4 ufetubi
  An adder skeleton (D:2)
  3 worms
  3 dart slugs
  36 orcs
  9 endoplasms
  12 giant cockroaches
  10 goblins
  2 hobgoblins
  3 jackals
  11 kobolds
  5 quokkas
  12 ball pythons
  9 bats
  7 frilled lizards
  A goblin skeleton (D:12)
  2 goblin zombies (D:12)
  A hobgoblin skeleton (D:12)
  3 hobgoblin zombies (D:12)
  2 orc skeletons (D:12)
  14 orc zombies (D:12)
  25 rats
409 creatures vanquished.

Vanquished Creatures (others)
  A wolf (Lair:4)
  An orc (D:10)
  4 fungi
  9 plants
15 creatures vanquished.

Grand Total: 424 creatures vanquished

Notes
Turn   | Place    | Note
-------+----------+-------------------------------------------
     0 | D:1      | lunkers the Formicid Earth Elementalist began the quest for
                  | the Orb.
     0 | D:1      | Reached XP level 1. HP: 13/13 MP: 3/3
    19 | D:1      | Got the Handbook of Fire
   151 | D:1      | Reached skill level 4 in Earth Magic
   210 | D:1      | Reached XP level 2. HP: 19/19 MP: 3/5
   549 | D:1      | Found a faded altar of an unknown god.
   590 | D:1      | Reached XP level 3. HP: 24/24 MP: 3/6
   762 | D:1      | Found Zeuwu's Magic Scroll Shoppe.
  1488 | D:2      | Found a hide-covered altar of Uskayaw.
  1506 | D:2      | Reached skill level 5 in Earth Magic
  1552 | D:2      | Reached XP level 4. HP: 30/30 MP: 5/8
  1985 | D:3      | Noticed a sky beast
  1994 | D:3      | Killed a sky beast
  1995 | D:3      | Reached skill level 6 in Earth Magic
  1995 | D:3      | Reached XP level 5. HP: 17/35 MP: 1/10
  2173 | D:3      | Found a glowing drain.
  2217 | Sewer    | Entered a sewer
  2478 | Sewer    | Reached XP level 6. HP: 41/41 MP: 6/11
  2884 | Sewer    | Reached skill level 7 in Earth Magic
  2993 | Sewer    | Learned a level 2 spell: Passwall
  2997 | Sewer    | Learned a level 3 spell: Stone Arrow
  3212 | D:3      | Identified the +9 flail of Impeachment {flame, *Slow Str+4
                  | Int+3}
  3434 | D:3      | Found a runed translucent door.
  3435 | D:3      | Noticed Crazy Yiuf
  3503 | D:3      | Noticed Ijyb
  3509 | D:3      | Killed Ijyb
  3723 | D:3      | Killed Crazy Yiuf
  3724 | D:3      | Reached XP level 7. HP: 46/46 MP: 9/13
  4132 | D:4      | Reached skill level 8 in Earth Magic
  4818 | D:5      | Entered Level 5 of the Dungeon
  4951 | D:5      | Reached skill level 5 in Spellcasting
  5020 | D:5      | Reached XP level 8. HP: 51/52 MP: 1/15
  5070 | D:5      | Reached skill level 9 in Earth Magic
  5654 | D:5      | Reached skill level 10 in Earth Magic
  6171 | D:5      | Found a hide-covered altar of Uskayaw.
  6171 | D:5      | Found a sparkling altar of Nemelex Xobeh.
  6179 | D:5      | Found a hazy altar of Hepliaklqana.
  6181 | D:5      | Found an opulent altar of Gozag.
  6183 | D:5      | Found a stormy altar of Qazlal.
  6228 | D:6      | Reached XP level 9. HP: 57/57 MP: 10/18
  6377 | D:6      | Reached skill level 11 in Earth Magic
  6961 | D:6      | Found a staircase to the Ecumenical Temple.
  7001 | Temple   | Entered the Ecumenical Temple
  7101 | Temple   | Became a worshipper of Vehumet
  7782 | D:7      | Reached skill level 1 in Fighting
  7782 | D:7      | Reached skill level 12 in Earth Magic
  8106 | D:8      | Noticed a troll
  8106 | D:8      | Noticed an eight-headed hydra
  8106 | D:8      | Noticed a deep elf pyromancer
  8156 | D:8      | Reached XP level 10. HP: 54/68 MP: 8/21
  8301 | D:8      | Found an ancient bone altar of Kikubaaqudgha.
  8383 | D:8      | Reached skill level 13 in Earth Magic
  8473 | D:8      | Found a shadowy altar of Dithmenos.
  8538 | D:8      | Reached * piety under Vehumet
  8538 | D:8      | Offered knowledge of Freeze by Vehumet.
  8835 | D:8      | Found a radiant altar of Vehumet.
  8837 | D:8      | Found a shimmering altar of Xom.
  8837 | D:8      | Found a radiant altar of Vehumet.
  8839 | D:8      | Found a sparkling altar of Nemelex Xobeh.
  8839 | D:8      | Found a shimmering altar of Xom.
  8839 | D:8      | Found a shimmering altar of Xom.
  8911 | D:9      | Noticed a two-headed ogre
  8918 | D:9      | Killed a two-headed ogre
  9615 | D:9      | Found a sacrificial altar of Ru.
  9788 | D:9      | You fall into a shaft and drop 3 floors!
  9813 | D:12     | Noticed a two-headed ogre
  9818 | D:12     | Killed a two-headed ogre
  9819 | D:12     | Reached skill level 14 in Earth Magic
  9896 | D:12     | Reached XP level 11. HP: 78/78 MP: 9/23
  9936 | D:12     | Reached ** piety under Vehumet
  9936 | D:12     | Offered knowledge of Static Discharge by Vehumet.
  9945 | D:12     | Reached skill level 5 in Fighting
  9965 | D:12     | Found a staircase to the Orcish Mines.
  9969 | D:12     | Noticed Rupert
 10187 | D:12     | Noticed Psyche
 10193 | D:12     | Killed Psyche
 10193 | D:12     | Offered knowledge of Searing Ray by Vehumet.
 10237 | D:12     | Noticed a deep elf pyromancer
 10242 | D:12     | Noticed Maurice
 10291 | D:12     | Reached skill level 5 in Dodging
 10307 | D:12     | Killed a deep elf pyromancer
 10322 | D:12     | Killed Maurice
 10394 | D:12     | Noticed a two-headed ogre
 10458 | D:11     | Noticed Fannar
 10466 | D:11     | Killed Fannar
 10467 | D:11     | Reached skill level 15 in Earth Magic
 10515 | D:11     | Noticed an ogre mage
 10530 | D:11     | Killed an ogre mage
 10530 | D:11     | Reached *** piety under Vehumet
 10664 | D:10     | Entered Level 10 of the Dungeon
 10754 | D:10     | Reached XP level 12. HP: 89/89 MP: 25/25
 11075 | D:10     | Found a burning altar of Makhleb.
 11224 | D:10     | Noticed a two-headed ogre
 11228 | D:10     | Offered knowledge of Sticky Flame by Vehumet.
 11232 | D:10     | Killed a two-headed ogre
 11356 | D:10     | Noticed Harold
 11395 | D:10     | Killed Harold
 11396 | D:10     | Reached skill level 16 in Earth Magic
 11460 | D:10     | Found a blossoming altar of Fedhas.
 11647 | D:10     | Found a shimmering blue altar of Sif Muna.
 11687 | D:10     | Found a staircase to the Lair.
 11689 | D:10     | Reached **** piety under Vehumet
 11865 | Lair:1   | Entered Level 1 of the Lair of Beasts
 11899 | Lair:1   | Identified the +4 rapier of Youthful Indiscretion {vorpal,
                  | Stlth+}
 12083 | Lair:1   | Reached skill level 10 in Spellcasting
 12916 | Lair:2   | Noticed a seven-headed hydra
 12920 | Lair:2   | Killed a seven-headed hydra
 12970 | Lair:2   | Offered knowledge of Freezing Cloud by Vehumet.
 13106 | Lair:2   | Noticed a five-headed hydra
 13110 | Lair:2   | Killed a five-headed hydra
 13239 | Lair:2   | Noticed a six-headed hydra
 13244 | Lair:2   | Killed a six-headed hydra
 13245 | Lair:2   | Reached skill level 17 in Earth Magic
 13245 | Lair:2   | Reached XP level 13. HP: 99/99 MP: 16/27
 13449 | Lair:2   | Found a staircase to the Shoals.
 13492 | Lair:2   | Noticed a five-headed hydra
 13525 | Lair:2   | HP: 4/99 [five-headed hydra (12)]
 13529 | Lair:2   | You fall into a shaft and drop 2 floors!
 13720 | Lair:4   | Noticed a seven-headed hydra
 13733 | Lair:4   | Killed a seven-headed hydra
 13895 | Lair:3   | Found a runed translucent gate.
 13898 | Lair:3   | Found a runed translucent gate.
 13898 | Lair:3   | Noticed a nine-headed hydra
 13898 | Lair:3   | Noticed Zazuam's ghost (journeyman DsMo)
 14090 | Lair:2   | Killed a five-headed hydra
 14360 | Lair:3   | Found a staircase to the Snake Pit.
 14708 | Lair:3   | Reached skill level 18 in Earth Magic
 15041 | Lair:3   | Found a runed translucent gate.
 15042 | Lair:3   | Noticed a 12-headed hydra
 15100 | Lair:3   | Reached ***** piety under Vehumet
 15102 | Lair:3   | Offered knowledge of Hailstorm by Vehumet.
 16049 | Lair:4   | Noticed a boulder beetle
 16152 | Lair:4   | Slain by a death yak

Illustrated notes

Levels and vault maps discovered:
D:1:      dpeg_arrival_tiny_k, layout_basic, serial_shops,
          nicolae_shop_competitors_out_of_business,
          shapermc_ecumenical_altar_hornbeckon
D:2:      layout_rooms, basic_altar
D:3:      layout_rooms, portal_sewer_entry_f, kennysheep_pointless_box,
          minmay_misc_feat_ornament, uniq_crazy_yiuf_cottage, uniq_ijyb
D:4:      layout_loops_ring
D:5:      layout_loops_ring, chequers_temple_overflow_minitemple
D:6:      layout_cave_pools, lemuel_temple_firewalk_b
D:7:      layout_basic
D:8:      layout_loops_ring, kiku_gazebo_pond_becter, doesnt_xom_only_xom,
          grunt_dithmenos_smoke_and_mirrors, lightli_corner_chamber
D:9:      layout_basic, lemuel_round_altar, enter_bailey_7
D:10:     layout_irregular_city, mainiacjoe_overflow_concentric_impassable,
          lemuel_round_altar, mainiacjoe_overflow_tiny_flanked,
          grunt_lair_entry_orc_guard_hut, serial_column_ruins,
          column_ruins_grid_1, column_ruins_columns_corner,
          column_ruins_columns_straight, column_ruins_columns_dead_end,
          column_ruins_grid_1, column_ruins_open_tiny, column_ruins_open_tiny,
          hangedman_minor_magic, uniq_harold
D:11:     minmay_the_grid_octo_tiled_octocenter [minmay_the_grid_octo_empty,
          minmay_the_grid_octo_fan_narrow, minmay_the_grid_octo_shrine,
          minmay_the_grid_octo_odd_swirl, minmay_the_grid_octo_prize_star,
          minmay_the_grid_square_5x5_bridge,
          minmay_the_grid_square_5x5_trominoes,
          minmay_the_grid_square_5x5_doubleslash,
          minmay_the_grid_square_5x5_tri_point], layout_loops_ring,
          minmay_misc_feat_alley, uniq_gastronok, uniq_fannar
D:12:     layout_long_grid, zombieorc2_lemuel, serial_shops, shop,
          serial_bayou_crossing, uniq_psyche, uniq_rupert, uniq_azrael,
          uniq_maurice
Temple:   cyrus_temple_forest
Lair:1:   layout_cave_shapes, hangedman_lair_unloving_vines, lemuel_fruit_fields
Lair:2:   layout_cave_shapes, shoals_dummy_entry, chequers_serial_rivers_marsh
Lair:3:   layout_cellular_growth, minmay_snake_entry_guardpost_small,
          gammafunk_ghost_hydra_chop, nicolae_lair_lindhole
Lair:4:   layout_cave_pods, lemuel_old_faithful, grunt_megastairs_1

Skill      XL: |  1  2  3  4  5  6  7  8  9 10 11 12 13 |
---------------+----------------------------------------+-----
Earth Magic    | 4 5 6 7 8 10 12 14 15 17 18 | 18.5
Spellcasting   | 3 4 5 6 7 8 9 10 11 | 11.4
Dodging        | 3 4 6 7 8 |  8.5
Fighting       | 2 4 6 8 9 |  9.8
Stealth        | |  2.4
Transmutations | |  1.1

Action                   |  1- 3 |  4- 6 |  7- 9 | 10-12 | 13-15 || total
-------------------------+-------+-------+-------+-------+-------++-------
Melee: Flail             |       |     3 |    25 |    16 |     4 ||    48
 Cast: Sandblast         |    56 |    84 |    13 |    17 |     1 ||   171
       Stone Arrow       |       |    20 |   132 |   296 |   186 ||   634
       Passwall          |       |       |       |       |     4 ||     4
 Abil: Dig               |       |       |       |       |     1 ||     1
       Shaft Self        |       |       |       |       |     1 ||     1
Evoke: Wand              |       |       |       |     1 |     2 ||     3
  Use: Scroll            |       |       |     1 |    15 |     5 ||    21
Armor: Robe              |     7 |     4 |     7 |     8 |       ||    26
       Troll leather arm |       |       |       |    22 |    39 ||    61
Dodge: Dodged            |    27 |    14 |    27 |    67 |    94 ||   229

Table legend: (Time is in decaauts)
 A = Elapsed time spent in this place.
 B = Non-inter-level travel time spent in this place.
 C = Inter-level travel time spent in this place.
 D = Time resting spent in this place.
 E = Time spent auto-exploring this place.
 F = Levels seen in this place.
 G = Mean time per level.
                   A        B        C        D        E       F      G
               +--------+--------+--------+--------+--------+-----+--------+
         Total |  16234 |  15801 |    433 |    622 |  12603 |  18 |  901.9 |
       Dungeon |  10855 |  10504 |    351 |    482 |   8379 |  12 |  904.6 |
        Temple |    137 |    137 |      0 |      0 |     64 |   1 |  137.0 |
          Lair |   4292 |   4211 |     81 |    140 |   3415 |   4 | 1073.0 |
         Sewer |    949 |    949 |      0 |      0 |    744 |   1 |  949.0 |
               +--------+--------+--------+--------+--------+-----+--------+

Top non-repeatable levels by time:
  Lair:3: 1407 daAuts
     D:5: 1404 daAuts
     D:1: 1351 daAuts
  Lair:2: 1212 daAuts
     D:9: 1100 daAuts
     D:4: 1030 daAuts
    D:10: 992 daAuts
   Sewer: 949 daAuts
  Lair:1: 930 daAuts
     D:3: 912 daAuts
     D:7: 866 daAuts
     D:8: 866 daAuts
     D:6: 810 daAuts
  Lair:4: 741 daAuts
     D:2: 641 daAuts
